Workbook

Sheet How to complete
A1: This excel sheet should be read together with the guidance notes which give more detailed information and practical examples. Note that cells with data in green contain formulas and should not be changed as they automatically calculate a total based on data entered in other cells (yellow cells) unless there are project-specfic changes required. In this case, explain in column L
A2: 0 Tab study parameters - Cells in yellow should be completed to the specifications of your trial. - These data are linked to formulas in the other tabs. Do not remove or add lines in this tab.
A3: 0 Tab budget parameters - This tab contains the costs for the personnel involved in the trial based on KCE report 178 https://kce.fgov.be/publication/report/manual-for-cost-based-pricing-of-hospital-interventions. - These values should not be changed without the prior agreement of KCE Trials.
A4: 0 Tab overall costs - This tab needs to be completed with the estimated budget for the whole trial. For some of the activities, KCE has proposed a fixed amount based on the above mentioned rates and real time estimations. - In the case of a fixed amount (FX) the margin is already included - overhead only applies to FX if not outsourced.
A5: 0 Tab site costs - This tab can be completed with the estimated budget per study visit for the participating sites (which should be consistent with the table of trial visits and procedures in the protocol). - The current lay-out is generic and should be made study specific. - There are no links between this tab and the overall cost tab.
A8: Copyright © 2023 by KCE Trials. All rights reserved. The budget tool and guidelines are developed by KCE Trials. If you wish to use this budget tool outside the KCE Trials Programme, you should contact trials@kce.fgov.be. Tell us how and why you wish to use the tool. Please include your contact details: name, institution/company, address, telephone number, and email.

Sheet Study Parameters
A1: KCE Trial | B1: =B7 -> KCE number | D1: =B11 -> DD/MM/YYYY
A2: Note that the information in this sheet should reflect the most recent version of the protocol - in case of discrepancies, the protocol will prevail
A3: Study Parameters
A5: Study Title
A7: KCE Reference | B7: KCE number | D7: (assigned when selected)
A9: Protocol version
A11: Budget version date | B11: DD/MM/YYYY
A13: Number of participants | B13: Number of participants screened
B14: Number of participants randomised
B15: Number of participants completing
A17: Number of visits per participant
A19: Number of sites
A20: Trial with GPs/non-hospital setting | D20: (select from list)
A21: Trial with - IMP (Investigational Medicinal Product) or MD (Medical Device) if not prescription based - Non standard of care local lab analysis/imaging/technical assessments | D21: (select from list)
A22: Trial subject to Clinical Trial Regulation | D22: (select from list)
D24: Actual Date
A25: Study timelines | B25: FPI (First Participant In)
B26: LPI (Last Participant In)
B27: LPLV (Last Participant Last Visit)
B28: DBL (Data Base Lock)
B29: CSR (Clinical Study Report)
B30: Total duration of the project FPI to CSR (in months): | D30: =(D29-D25)/30.5 -> 0
B31: Total duration of the project where monitoring is needed FPI to DBL (in months): | D31: =(D28-D25)/30.5 -> 0
B32: Total duration of the project (in years) | D32: =(D29-D25)/365 -> 0
B33: Recruitment period (in months) | D33: =(D26-D25)/30.5 -> 0
A34: Monitoring | B34: Planned number of on-site monitoring visits per site (for the total duration of the study)
B35: Planned number of remote monitoring contacts per site (for the total duration of the study) | D35: =IF(C41>2,(D31/2-D34),IF(C41=2,(D31/3-D34),0)) -> 0
A39: Expected number of endpoints to be adjudicated
A40: DSMB to be installed | E40: (select from list)
A41: General complexity level of the trial | B41: There are 4 complexity levels that will drive the costs of the trial; in general pragmatic trials will be level 2 or 3. For more information, check the budget guidelines | C41: 2 | D41: (select from list)
A44: cells in yellow are to be completed

Sheet Lists
A1: List | B1: value
A2: Data Complexity | B2: low
A3: Data Complexity | B3: moderate
A4: GPs | B4: yes
A5: GPs | B5: no
A6: General Complexity | B6: 1
A7: General Complexity | B7: 2
A8: General Complexity | B8: 3
A9: General Complexity | B9: 4

Sheet Budget Parameters
A1: KCE Trial | C1: ='Study Parameters'!B7 -> KCE number | E1: ='Study Parameters'!B11 -> DD/MM/YYYY
A2: Scroll down for indication for budget for Project Management, Pharmacy Fees and Lab fees
A3: Budget Parameters
A5: Study team involved
A6: Position | B6: Hourly rate basis index 01/04/2020 | C6: Indexed (01/06/2022)
A7: PM | B7: 52 | C7: =B7*$C$25 -> 56.2848 | D7: Project Manager
A8: CRA | B8: 52 | C8: =B8*$C$25 -> 56.2848 | D8: Clinical Research Associate
A9: CI | B9: 104 | C9: =B9*$C$25 -> 112.5696 | D9: Chief Investigator
A10: Co CI | B10: 83.2 | C10: =B10*$C$25 -> 90.05568 | D10: Co-Chief Investigator
A11: CTA | B11: 36.4 | C11: =B11*$C$25 -> 39.39936 | D11: Clinical Trial Administrator
A12: Auditor | B12: 57.2 | C12: =B12*$C$25 -> 61.91328 | D12: Auditor
A13: STAT | B13: 62.4 | C13: =B13*$C$25 -> 67.54176 | D13: Statistician
A14: DM | B14: 52 | C14: =B14*$C$25 -> 56.2848 | D14: Data Manager
A15: SN | B15: 41.6 | C15: 50.19 | D15: Study Nurse
A16: HE | B16: 62.4 | C16: =B16*$C$25 -> 67.54176 | D16: Health Economist
A17: PI | B17: 104 | C17: =B17*$C$25 -> 112.5696 | D17: Principal Investigator
A18: Pharm | B18: 62.4 | C18: =B18*$C$25 -> 67.54176 | D18: Pharmacist
A19: PI nonMD | B19: 83.2 | C19: =B19*$C$25 -> 90.05568 | D19: Principal Investigator non MD
A20: Add other roles if relevant
A21: Other budget relevant info
A22: Margin (in %) if applicable: | C22: 0.1
A23: Overhead (in %) if applicable: | C23: 0.17
A24: VAT (in %) if applicable | C24: 0.21
A25: Index | C25: 1.0824
B27: basis 01/04/2020 | C27: Indexed (01/06/2022)
A28: Start-Up | B28: 1040 | C28: =B28*$C$25 -> 1125.696 | D28: per site | E28: this is an example for medium complexity study in a hospital setting to be adapted according to training requirement, team involved
A29: Archiving | B29: 260 | C29: =B29*$C$25 -> 281.424 | D29: per box | E29: 1 box per site depending on number of patients
A30: Transportation fee | B30: 68 | C30: =B30*$C$25 -> 73.6032 | E30: fee to cover transportation costs for monitoring visits, inlcudes any margin - overhead not applicable
A32: How to calculate the PM time
D33: Example for basic trial with 15 sites | E33: Example for basic trial with 30 sites | F33: Example for a GP trial with 100 sites
A34: basis for each trial = 0,2 FTE* | D34: 0.2 | E34: 0.2 | F34: 0.3
A35: * can be upgraded with 0,1 FTE in case of complex study with placebo production, extensive training programme, large GP trial ….
A36: Per site 0,025 FTE to be added to the basis FTE up to 25 sites | C36: 0.025 | D36: =C36*15 -> 0.375 | E36: =C36*25 -> 0.625
A37: From 25 sites onwards, 0,0125 FTE for the # of sites>25 to be added to the the first amount | C37: 0.0125 | E37: =C37*5 -> 0.0625
A38: For GP trials, 0,00625 FTE to be added to the basis FTE per GP site | C38: 0.00625 | F38: =C38*100 -> 0.625
A39: Total FTE planned for line 9a | D39: =SUM(D34:D38) -> 0.575 | E39: =SUM(E34:E38) -> 0.8875 | F39: =SUM(F34:F38) -> 0.925
A41: International trials 0,1 FTE | B41: per site 0,01 | C41: 0.01 | D41: =0.1+(15*C41) -> 0.25
A42: The above calculation takes into account the active study period; for long term extension this should be devided by 2
C43: basis 01/04/2020 | E43: indexed (01/06/2022)
A44: KCE approved fees for pharmacy activities in clincial trials - to be used for site costs calculation if applicable | C44: transit | D44: at pharmacy | E44: transit | F44: at pharmacy
A45: start-up fee (includes reading protocol, setting up file, review contract, initiation and close out) - FIX no margin | C45: =364 -> 364 | D45: 520 | E45: =C45*$C$25 -> 393.9936 | F45: =D45*$C$25 -> 562.848
A46: yearly fee (to be calculated for every 12 months after initiation visit, not calendar based, includes time for follow-up and maintenance of the file, monitoring and storage of returned medication if applicable) - FIX no margin | C46: 208 | D46: 312 | E46: =C46*$C$25 -> 225.1392 | F46: =D46*$C$25 -> 337.7088
A47: storage yearly fee (to be calculated for every 12 months after initiation visit, not calendar based) - FIX no margin | C47: 0 | D47: 68 | E47: =C47*$C$25 -> 0 | F47: =D47*$C$25 -> 73.6032
A48: reception, check (transfer delivery if appl) - - FIX no margin | C48: 52 | D48: 52 | E48: =C48*$C$25 -> 56.2848 | F48: =D48*$C$25 -> 56.2848
A49: preparation medication | D49: per protocol | F49: per protocol
A50: individual delivery (medication / co-medication) | C50: 0 | D50: 16 | E50: =C50*$C$25 -> 0 | F50: =D50*$C$25 -> 17.3184
A51: individual delivery (medication / co-medication), + labelling if applicable | C51: 0 | D51: 21 | E51: =C51*$C$25 -> 0 | F51: =D51*$C$25 -> 22.7304
A52: extra labelling if per batch and not per individual delivery - - FIX no margin | C52: 104 | D52: 104 | E52: =C52*$C$25 -> 112.5696 | F52: =D52*$C$25 -> 112.5696
A54: KCE approved fees for laboratory activities in clincial trials - to be used for site costs calculation if applicable | C54: by lab/site
A55: start-up fee (includes reading protocol, setting up file, review contract, initiation and close out) - FIX no margin | C55: 364 | E55: =C55*$C$25 -> 393.9936
A56: Blood sampling and sending to lab for central analysis | C56: 21 | E56: =C56*$C$25 -> 22.7304
A57: Blood sampling, processing and sending to lab for central analysis | C57: 32 | E57: =C57*$C$25 -> 34.6368
A58: Storage yearly fee (to be calculated for every 12 months after initiation visit, not calendar based) - FIX no margin | C58: 78 | E58: =C58*$C$25 -> 84.4272
A59: If separate batches to be sent to central lab (cost per batch) | C59: 26 | E59: =C59*$C$25 -> 28.1424
A62: fixed amounts in overall costs
B63: basis (01/04/2020 index) | C63: indexed
A64: Protocol development 1 | B64: 25000 | C64: =B64*$C$25 -> 27060
A65: Protocol development 2 | B65: 40000 | C65: =B65*$C$25 -> 43296
A66: Protocol development 3 | B66: 50000 | C66: =B66*$C$25 -> 54120
A67: Protocol development 4 | B67: 60000 | C67: =B67*$C$25 -> 64944
A68: Feasibility Visit when IMP/lab/external services involved - on site | B68: 1040 | C68: =B68*$C$25 -> 1125.696
A69: Feasibility Visit with no involvement of external services or non-hospital setting - on site | B69: 780 | C69: =B69*$C$25 -> 844.272
A70: Feasibility Visit when IMP/lab/external services involved - remote | B70: 260 | C70: =B70*$C$25 -> 281.424
A71: Feasibility Visit with no involvement of external services or non-hospital setting - remote | B71: 156 | C71: =B71*$C$25 -> 168.8544
A72: Collaborator/site contracts (set-up, negotiation and finalisation) in hospital/institutional setting or collaborator with tender required | B72: 1040 | C72: =B72*$C$25 -> 1125.696
A73: Collaborator/site contracts (set-up, negotiation and finalisation) for collaborator if no tender required | B73: 520 | C73: =B73*$C$25 -> 562.848
A74: Collaborator/site contracts (set-up, negotiation and finalisation) in non-hopsital setting | B74: 208 | C74: =B74*$C$25 -> 225.1392
A75: Initial submission EC/Competent Authorities if CTR and complexity >3 | B75: 6240 | C75: =B75*$C$25 -> 6754.176
... A87: QA Systems audit | B87: 2500 | C87: =B87*$C$25 -> 2706
C88: =B88*$C$25 -> 0
A89: TMF Preparation | B89: 2080 | C89: =B89*$C$25 -> 2251.392
C90: =B90*$C$25 -> 0
A91: SUSAR reporting | B91: 416 | C91: =B91*$C$25 -> 450.2784
A92: DSMB meetings | B92: 2600 | C92: =B92*$C$25 -> 2814.24
C93: =B93*$C$25 -> 0
A94: Database Set-Up - pilots | B94: 25000 | C94: =B94*$C$25 -> 27060
A95: Database Set-Up - complexity 2-3 | B95: 50000 | C95: =B95*$C$25 -> 54120
A96: Database Set-Up - complexity 4 | B96: 75000 | C96: =B96*$C$25 -> 81180
A97: Additional Platforms to be integrated into eCRF | B97: 5000 | C97: =B97*$C$25 -> 5412
A98: Hosting database | B98: 2000 | C98: =B98*$C$25 -> 2164.8
A99: Data linkage | B99: 26000 | C99: =B99*$C$25 -> 28142.4
A100: Statistical analysis plan, randomisation and statistical programming | B100: 10400 | C100: =B100*$C$25 -> 11256.96
A101: Generation of tables and listings, Statistical analysis and report, Clinical Study Report if not pilot | B101: 31200 | C101: =B101*$C$25 -> 33770.88
A102: Generation of tables and listings, Statistical analysis and report, Clinical Study Report if pilot | B102: 15600 | C102: =B102*$C$25 -> 16885.44
A103: Supplementary Database lock / Analysis of Long Term Follow-Up/Report | B103: 10400 | C103: =B103*$C$25 -> 11256.96
A104: Publication, incl revision | B104: 10400 | C104: =B104*$C$25 -> 11256.96
A105: Publication of the protocol | B105: 2000 | C105: =B105*$C$25 -> 2164.8
... A113: PPI TSC | B113: 208 | C113: =B113*$C$25 -> 225.1392

Sheet Overall Cost
C1: Units | D1: No. of units | E1: Team member | F1: Unit cost (call 2021 - 01/04/2020) | G1: Unit costs Indexed (call 2023) | H1: Cost (EURO) | I1: Margin incl | J1: Overhead incl | K1: Comments, typical values as guidance | L1: Comments from sponsor
A2: KCE Trial | C2: ='Study Parameters'!B7 -> KCE number | L2: ='Study Parameters'!D1 -> DD/MM/YYYY
A3: 1 | B3: Project Design and Set up
A4: 1a | B4: • Clinical Study Protocol incl stats, economic input, any rework, meetings • Participant Information and Consent including translations (FR, ENG, NL) • Budget calculation • KCE contract negotiation and status updates • Development of Plans (Risk Assessment and Risk Management Plan, Monitoring Plan, Data Management Plan, Safety Management Plan, Communication Plan, ...) • Amendments | E4: FX | F4: =IF('Study Parameters'!C41=4,60000,IF('Study Parameters'!C41=3,50000,IF('Study Parameters'!C41=1,25000,40000))) -> 40000 | G4: =F4*'Budget Parameters'!$C$25 -> 43296 | H4: =G4 -> 43296 | I4: =H4 -> 43296 | J4: =I4+(I4*'Budget Parameters'!$C$23) -> 50656.32 | K4: depending on complexity of the trial
A5: 1b | B5: Site selection including feasibility assessment/visit - on site | D5: ='Study Parameters'!C19*0.5 -> 0 | E5: FX | F5: =IF('Study Parameters'!C20="yes",780,IF('Study Parameters'!C21="yes",1040,780)) -> 780 | G5: =F5*'Budget Parameters'!$C$25 -> 844.272 | H5: =G5*D5 -> 0 | I5: =H5 -> 0 | J5: =I5+(I5*'Budget Parameters'!$C$23) -> 0 | K5: depending on involvement of external services and study setting
A6: 1c | B6: Site selection including feasibility assessment/visit - remote | D6: ='Study Parameters'!C19*0.5 -> 0 | E6: FX | F6: =IF('Study Parameters'!C20="yes",156,IF('Study Parameters'!C21="yes",260,156)) -> 156 | G6: =F6*'Budget Parameters'!$C$25 -> 168.8544 | H6: =G6*D6 -> 0 | I6: =H6 -> 0 | J6: =I6+(I6*'Budget Parameters'!$C$23) -> 0 | K6: depending on involvement of external services and study setting
A7: 1d | B7: Collaborator/site contracts (set-up, negotiation and finalisation) | D7: =('Study Parameters'!C19-1) -> -1 | E7: FX | F7: =IF('Study Parameters'!C20="yes",208,IF('Study Parameters'!C21="yes",1040,520)) -> 520 | G7: =F7*'Budget Parameters'!$C$25 -> 562.848 | H7: =G7*D7 -> -562.848 | I7: =H7 -> -562.848 | J7: =I7+(I7*'Budget Parameters'!$C$23) -> -658.53216 | K7: 1125,70 €/collaborator/site - 225,14€/site if GPs or non-hospital setting - 562,85€/collaborator if no tender required adjust formula if needed
A8: 1e | B8: Develop and maintain website and recruitment materials and tools | D8: 1 | E8: FX | F8: =IF('Study Parameters'!C41>1,(3000+(200*'Study Parameters'!D32)),0) -> 3000 | G8: =F8*'Budget Parameters'!$C$25 -> 3247.2 | H8: =G8 -> 3247.2 | I8: =H8 -> 3247.2 | J8: =I8+(I8*'Budget Parameters'!$C$23) -> 3799.224 | K8: including hosting fee (200€/yr)
A9: SUM | H9: =SUBTOTAL(9,H4:H8) -> 45980.352 | I9: =SUBTOTAL(9,I4:I8) -> 45980.352 | J9: =SUBTOTAL(9,J4:J8) -> 53797.012
A10: 2 | B10: Regulatory and Ethics Review
A11: 2a | B11: Initial Leading Ethics Committee submission/Competent Authorities (CTR if applicable) | D11: 1 | E11: FX | F11: =IF('Study Parameters'!C22="no",2080,IF('Study Parameters'!C41>3,6240,IF('Study Parameters'!C41>2,5200,4160))) -> 4160 | G11: =F11*'Budget Parameters'!$C$25 -> 4502.784 | H11: =D11*G11 -> 4502.784 | I11: =H11 -> 4502.784 | J11: =I11+(I11*'Budget Parameters'!$C$23) -> 5268.2573 | K11: depending on involvement of IMP
A12: 2b | B12: Initial non-leading Ethics Committee submission/written statement | D12: ='Study Parameters'!C19-1 -> -1 | E12: FX | F12: =IF('Study Parameters'!C22="yes",260,520) -> 520 | G12: =F12*'Budget Parameters'!$C$25 -> 562.848 | H12: =D12*G12 -> -562.848 | I12: =H12 -> -562.848 | J12: =I12+(I12*'Budget Parameters'!$C$23) -> -658.53216 | K12: depending on CTR and study setting
A13: 2c | B13: Communication with EC and authorities during the Project | D13: ='Study Parameters'!$D$32 -> 0 | E13: FX | F13: =IF('Study Parameters'!C22="yes",2080,1040) -> 1040 | G13: =F13*'Budget Parameters'!$C$25 -> 1125.696 | H13: =D13*G13 -> 0 | I13: =H13 -> 0 | J13: =I13+(I13*'Budget Parameters'!$C$23) -> 0 | K13: depending on CTR and study setting
A14: 2d | B14: Reporting of study results in EudraCT (where applicable) | D14: =IF('Study Parameters'!C22="yes",1,0) -> 0 | E14: FX | F14: =IF('Study Parameters'!C22="yes",1040,0) -> 0 | G14: =F14*'Budget Parameters'!$C$25 -> 0 | H14: =D14*G14 -> 0 | I14: =H14 -> 0 | J14: =I14+(I14*'Budget Parameters'!$C$23) -> 0
A15: 2e | B15: Subject Insurance | I15: =H15 -> 0 | J15: =H15 -> 0
A16: SUM | H16: =SUM(H11:H15) -> 3939.936 | I16: =SUM(I11:I15) -> 3939.936 | J16: =SUM(J11:J15) -> 4609.7251
A17: 3 | B17: Monitoring
A18: 3a | B18: Study Training - CRAs | C18: hours | D18: =IF('Study Parameters'!C41<2,16,IF('Study Parameters'!C41>3,48,32)) -> 32 | E18: CRA | F18: =VLOOKUP(E18,'Budget Parameters'!$A$7:$B$18,2,FALSE) -> 52 | G18: =F18*'Budget Parameters'!$C$25 -> 56.2848 | H18: =D18*G18 -> 1801.1136 | I18: =H18+(H18*'Budget Parameters'!$C$22) -> 1981.225 | J18: =I18+(I18*'Budget Parameters'!$C$23) -> 2318.0332 | K18: up to 16h per CRA
A19: 3b | B19: Study Initiation Visit | C19: hours | D19: =(IF('Study Parameters'!C41<2,12,IF('Study Parameters'!C20="yes",8,IF('Study Parameters'!C21="yes",20,16))))*'Study Parameters'!C19 -> 0 | E19: CRA | F19: =VLOOKUP(E19,'Budget Parameters'!$A$7:$B$18,2,FALSE) -> 52 | G19: =F19*'Budget Parameters'!$C$25 -> 56.2848 | H19: =D19*G19 -> 0 | I19: =H19+(H19*'Budget Parameters'!$C$22) -> 0 | J19: =I19+(I19*'Budget Parameters'!$C$23) -> 0 | K19: 8h - 20h per visit
A20: 3c | B20: Study Monitoring Visits | C20: hours | D20: =(IF('Study Parameters'!C41<2,12,IF('Study Parameters'!C20="yes",12,IF('Study Parameters'!C21="yes",20,16))))*'Study Parameters'!C19*'Study Parameters'!D34 -> 0 | E20: CRA | F20: =VLOOKUP(E20,'Budget Parameters'!$A$7:$B$18,2,FALSE) -> 52 | G20: =F20*'Budget Parameters'!$C$25 -> 56.2848 | H20: =D20*G20 -> 0 | I20: =H20+(H20*'Budget Parameters'!$C$22) -> 0 | J20: =I20+(I20*'Budget Parameters'!$C$23) -> 0 | K20: 12h - 20h per visit
A21: 3d | B21: Closure Visit | C21: hours | D21: =(IF('Study Parameters'!C41<2,8,IF('Study Parameters'!C20="yes",8,IF('Study Parameters'!C21="yes",16,12))))*'Study Parameters'!C19 -> 0 | E21: CRA | F21: =VLOOKUP(E21,'Budget Parameters'!$A$7:$B$18,2,FALSE) -> 52 | G21: =F21*'Budget Parameters'!$C$25 -> 56.2848 | H21: =D21*G21 -> 0 | I21: =H21+(H21*'Budget Parameters'!$C$22) -> 0 | J21: =I21+(I21*'Budget Parameters'!$C$23) -> 0 | K21: 8h - 16h per visit
A22: 3e | B22: Off-site monitoring and site contacts | C22: hours | D22: =(IF('Study Parameters'!C21="yes",4,3)*'Study Parameters'!D35*'Study Parameters'!C19) -> 0 | E22: CRA | F22: =VLOOKUP(E22,'Budget Parameters'!$A$7:$B$18,2,FALSE) -> 52 | G22: =F22*'Budget Parameters'!$C$25 -> 56.2848 | H22: =D22*G22 -> 0 | I22: =H22+(H22*'Budget Parameters'!$C$22) -> 0 | J22: =I22+(I22*'Budget Parameters'!$C$23) -> 0 | K22: e.g. 3h per contact per site - but will depend on risk assessment, number of participants, number of data points - to be adapted in formula depending on study can be performed by data manager or CRA
A23: 3f | B23: Transportation fee | D23: =IF('Study Parameters'!C41=1,0,(('Study Parameters'!D34+2)*'Study Parameters'!C19)) -> 0 | E23: FX | F23: 68 | G23: =F23*'Budget Parameters'!$C$25 -> 73.6032 | H23: =D23*G23 -> 0 | I23: =H23 -> 0 | J23: =I23 -> 0 | K23: fixed amount per monitoring visit margin included, no overhead
A24: SUM | H24: =SUM(H18:H23) -> 1801.1136 | I24: =SUM(I18:I23) -> 1981.225 | J24: =SUM(J18:J23) -> 2318.0332
A25: 4 | B25: Quality Assurance
A26: 4a | D26: 1 | E26: FX | F26: =IF('Study Parameters'!C41=1,0,10000) -> 10000 | G26: =F26*'Budget Parameters'!$C$25 -> 10824 | H26: =D26*G26 -> 10824 | I26: =H26 -> 10824 | J26: =I26+(I26*'Budget Parameters'!$C$23) -> 12664.08 | K26: Following amounts can be allocated up to a maximum of 10 824€: - Sponsor audit including TMF: up to 5 412€ - Site audit: up to 5 412€ - TMF audit: up to 2 706€ - Audit part of a systems audit (eCRF, safety, …): up to 2 706€ This section is not part of the milestone payments - paid on performance
A27: SUM | F27: =SUM(F26) -> 10000 | H27: =SUM(H26) -> 10824 | I27: =SUM(I26) -> 10824 | J27: =SUM(J26) -> 12664.08
A28: 5 | B28: TMF Handling & Administration
A29: 5a | B29: TMF Preparation at start | D29: 1 | E29: FX | F29: =(IF('Study Parameters'!C41=4,1040*3,IF('Study Parameters'!C41=1,1040,1040*2))) -> 2080 | G29: =F29*'Budget Parameters'!$C$25 -> 2251.392 | H29: =G29 -> 2251.392 | I29: =H29 -> 2251.392 | J29: =I29+(I29*'Budget Parameters'!$C$23) -> 2634.1286 | K29: depending on complexity and IMP
A30: 5b | B30: Investigator Study File at start | C30: hours | D30: =4*'Study Parameters'!C19 -> 0 | E30: CTA | F30: =VLOOKUP(E30,'Budget Parameters'!$A$7:$B$18,2,FALSE) -> 36.4 | G30: =F30*'Budget Parameters'!$C$25 -> 39.39936 | H30: =G30*D30 -> 0 | I30: =H30+(H30*'Budget Parameters'!$C$22) -> 0 | J30: =I30+(I30*'Budget Parameters'!$C$23) -> 0 | K30: typically 4h per file
A31: 5c | B31: Shipment and Distribution Services | C31: hours | E31: CTA | F31: =VLOOKUP(E31,'Budget Parameters'!$A$7:$B$18,2,FALSE) -> 36.4 | G31: =F31*'Budget Parameters'!$C$25 -> 39.39936 | H31: =G31*D31 -> 0 | I31: =H31+(H31*'Budget Parameters'!$C$22) -> 0 | J31: =I31+(I31*'Budget Parameters'!$C$23) -> 0 | K31: only occasionally applicable
A32: 5d | B32: Administration and Documentation during trial | C32: hours | D32: =(IF('Study Parameters'!C41=4,16,IF('Study Parameters'!C41=1,8,12)))*'Study Parameters'!C19*'Study Parameters'!D32 -> 0 | E32: CTA | F32: =VLOOKUP(E32,'Budget Parameters'!$A$7:$B$18,2,FALSE) -> 36.4 | G32: =F32*'Budget Parameters'!$C$25 -> 39.39936 | H32: =G32*D32 -> 0 | I32: =H32+(H32*'Budget Parameters'!$C$22) -> 0 | J32: =I32+(I32*'Budget Parameters'!$C$23) -> 0 | K32: 8h -16h per site per year
A33: 5e | B33: Site payment calculation | C33: payments | D33: =2*'Study Parameters'!C19*'Study Parameters'!D32 -> 0 | E33: FX | F33: =IF('Study Parameters'!C21="yes",156,104) -> 104 | G33: =F33*'Budget Parameters'!$C$25 -> 112.5696 | H33: =G33*D33 -> 0 | I33: =H33 -> 0 | J33: =I33+(I33*'Budget Parameters'!$C$23) -> 0 | K33: per payment per site checked by CRA and DM, confirmed by PM, assuming 2 payments/yr
A34: 5f | B34: Administration of Site Payments | C34: hours | D34: =2*'Study Parameters'!C19*'Study Parameters'!D32 -> 0 | E34: CTA | F34: =VLOOKUP(E34,'Budget Parameters'!$A$7:$B$18,2,FALSE) -> 36.4 | G34: =F34*'Budget Parameters'!$C$25 -> 39.39936 | H34: =G34*D34 -> 0 | I34: =H34+(H34*'Budget Parameters'!$C$22) -> 0 | J34: =I34+(I34*'Budget Parameters'!$C$23) -> 0 | K34: 1h per site per payment, assuming 2 payments/yr if not done by KCE
A35: 5g | B35: Archiving | C35: box | D35: =IF('Study Parameters'!C22="yes",4+('Study Parameters'!C19/4),(2+('Study Parameters'!C19/4))) -> 2 | E35: FX | F35: 260 | G35: =F35*'Budget Parameters'!$C$25 -> 281.424 | H35: =G35*D35 -> 562.848 | I35: =H35 -> 562.848 | J35: =I35+(I35*'Budget Parameters'!$C$23) -> 658.53216 | K35: per box, assuming 2 boxes for the whole trial and 1 box for every 4 sites for 25 yrs archiving
A36: SUM | H36: =SUM(H29:H35) -> 2814.24 | I36: =SUM(I29:I35) -> 2814.24 | J36: =SUM(J29:J35) -> 3292.6608
A37: 6 | B37: Safety
A38: 6a | B38: DSMB Meetings & FU (if needed), includes time for preparation by statistician | D38: =IF('Study Parameters'!D40="yes",2,0)*'Study Parameters'!D32 -> 0 | E38: FX | F38: 2600 | G38: =F38*'Budget Parameters'!$C$25 -> 2814.24 | H38: =G38*D38 -> 0 | I38: =H38 -> 0 | J38: =I38+(I38*'Budget Parameters'!$C$23) -> 0 | K38: up to 2 per year, if not linked to TSC
A39: SUM | H39: =SUM(H38:H38) -> 0 | I39: =SUM(I38:I38) -> 0 | J39: =SUM(J38:J38) -> 0
A40: 7 | B40: Data Management
A41: 7a | B41: • Design of Clinical Trial Database • Design of eCRF • Validation of eCRF • Design of Safety Database • Data Management Plan • Updates during the study • User management • Archiving of the database | E41: FX | F41: =(IF('Study Parameters'!C41=4,75000,IF('Study Parameters'!C41=1,25000,IF('Study Parameters'!C22="yes",75000,50000)))) -> 50000 | G41: =F41*'Budget Parameters'!$C$25 -> 54120 | H41: =G41 -> 54120 | I41: =H41 -> 54120 | J41: =I41+(I41*'Budget Parameters'!$C$23) -> 63320.4 | K41: depending on the data complexity of the trial
A42: 7b | B42: Use of electronic questionnaires, randomisation (Codes, IXRS,…), kit management and integration into eCRF or other platforms linked to the eCRF | E42: FX | F42: 5000 | G42: =F42*'Budget Parameters'!$C$25 -> 5412 | H42: =G42*D42 -> 0 | I42: =H42 -> 0 | J42: =I42+(I42*'Budget Parameters'!$C$23) -> 0 | K42: enter the number of platforms communicating with the eCRF in column D if applicable - includes costs for module and integration into eCRF
A43: 7c | B43: Hosting of the database | D43: ='Study Parameters'!D32*0 -> 0 | E43: FX | F43: 2000 | G43: =F43*'Budget Parameters'!$C$25 -> 2164.8 | H43: =G43*D43 -> 0 | I43: =H43 -> 0 | J43: =I43+(I43*'Budget Parameters'!$C$23) -> 0 | K43: max yearly fee if not on hospital server and not included in the basic eCRF license; replace "0" by "1" in the formula if applicable
A44: 7d | B44: • Data Coding AEs • Data Coding Medication • Data validation & QC • Importation of data ( ECG, lab, etc.) • Programming of queries • Running query software, cleaning and distributing queries • Query Resolution • Database lock | C44: hours | D44: =2*'Study Parameters'!C14 -> 0 | E44: DM | F44: =VLOOKUP(E44,'Budget Parameters'!$A$7:$B$18,2,FALSE) -> 52 | G44: =F44*'Budget Parameters'!$C$25 -> 56.2848 | H44: =D44*G44 -> 0 | I44: =H44+(H44*'Budget Parameters'!$C$22) -> 0 | J44: =I44+(I44*'Budget Parameters'!$C$23) -> 0 | K44: set at 2h per participant. Depending on complexity, IMP involvement, trials with a long term follow-up or very limited or very marge number of data points: adjust formula (see guidelines)
A45: 7e | B45: Endpoint adjudication preparation (if applicable) | D45: ='Study Parameters'!D39*2 -> 0 | E45: DM | F45: =VLOOKUP(E45,'Budget Parameters'!$A$7:$B$18,2,FALSE) -> 52 | G45: =F45*'Budget Parameters'!$C$25 -> 56.2848 | H45: =G45*D45 -> 0 | I45: =H45+(H45*'Budget Parameters'!$C$22) -> 0 | J45: =I45+(I45*'Budget Parameters'!$C$23) -> 0 | K45: 2 hours per expected endpoint
A46: 7f | B46: Costs for data linkage (in case national number is used to link administrative databases and study data) | F46: 26000 | G46: =F46*'Budget Parameters'!$C$25 -> 28142.4 | H46: =G46*D46 -> 0 | I46: =H46 -> 0 | J46: =I46 -> 0 | K46: enter "1" in column D if applicable
A47: SUM | H47: =SUBTOTAL(9,H41:H46) -> 54120 | I47: =SUBTOTAL(9,I41:I46) -> 54120 | J47: =SUM(J41:J46) -> 63320.4
A48: 8 | B48: Statistics, report and publication
A49: 8a | B49: Statistical analysis plan, randomisation and statistical programming | E49: FX | F49: 10400 | G49: =F49*'Budget Parameters'!$C$25 -> 11256.96 | H49: =G49 -> 11256.96 | I49: =H49 -> 11256.96 | J49: =I49+(I49*'Budget Parameters'!$C$23) -> 13170.643
A50: 8b | B50: • Generation of tables and listings • Statistical analysis and report • Clinical Study Report | E50: FX | F50: =(IF('Study Parameters'!C41=1,31200/2,31200)) -> 31200 | G50: =F50*'Budget Parameters'!$C$25 -> 33770.88 | H50: =G50 -> 33770.88 | I50: =H50 -> 33770.88 | J50: =I50+(I50*'Budget Parameters'!$C$23) -> 39511.93
A51: 8c | B51: Supplementary Database lock / Analysis of Long Term Follow-Up/Report | E51: FX | F51: 10400 | G51: =F51*'Budget Parameters'!$C$25 -> 11256.96 | H51: =G51*D51 -> 0 | I51: =H51 -> 0 | J51: =I51+(I51*'Budget Parameters'!$C$23) -> 0
A52: 8d | B52: Publication, incl revision | E52: FX | F52: 10400 | G52: =F52*'Budget Parameters'!$C$25 -> 11256.96 | H52: =G52 -> 11256.96 | I52: =H52 -> 11256.96 | J52: =I52+(I52*'Budget Parameters'!$C$23) -> 13170.643 | K52: Enter the number of additional database locks according to the agreed analysis plan
A53: 8e | B53: Publication of the protocol | E53: FX | F53: 2000 | G53: =F53*'Budget Parameters'!$C$25 -> 2164.8 | H53: =G53 -> 2164.8 | I53: =H53 -> 2164.8 | J53: =I53+(I53*'Budget Parameters'!$C$23) -> 2532.816 | K53: maximum fee for the publication of the protocol - not part of the milestones - paid when protocol has been published based on invoice provided
A54: SUM | H54: =SUM(H49:H53) -> 58449.6 | I54: =SUM(I49:I53) -> 58449.6 | J54: =SUM(J49:J53) -> 68386.032
A55: 9 | B55: Project Management
A56: 9a | B56: Project Management (not included in the above headings) | C56: FTE | D56: =IF('Study Parameters'!C41=1,1,0.9)*(((IF('Study Parameters'!C20="no",0.2,0.3))+(IF('Study Parameters'!C41>2,0.1,0)))+IF(AND('Study Parameters'!C20="no",'Study Parameters'!C19<26),('Study Parameters'!C19*'Budget Parameters'!C36),IF(AND('Study Parameters'!C20="no",'Study Parameters'!C19>25),(25*'Budget Parameters'!C36+('Study Parameters'!C19-25)*'Budget Parameters'!C37),'Study Parameters'!C19*'Budget Parameters'!C38))) -> 0.27 | E56: PM | F56: =VLOOKUP(E56,'Budget Parameters'!$A$7:$B$18,2,FALSE)*1605.2/12*'Study Parameters'!D30 -> 0 | G56: =F56*'Budget Parameters'!$C$25 -> 0 | H56: =G56*D56 -> 0 | I56: =H56+(H56*'Budget Parameters'!$C$22) -> 0 | J56: =I56+(I56*'Budget Parameters'!$C$23) -> 0 | K56: for the correct calculation see budget parameters, How to calculate PM time
A57: 9b | B57: Project Management (not included in the above headings) - for support Co-Chief investigator team (FR/NL as applicable) | C57: FTE | D57: =IF('Study Parameters'!C41=1,1,0.1)*(((IF('Study Parameters'!C20="no",0.2,0.3))+(IF('Study Parameters'!C41>2,0.1,0)))+IF(AND('Study Parameters'!C20="no",'Study Parameters'!C19<26),('Study Parameters'!C19*'Budget Parameters'!C36),IF(AND('Study Parameters'!C20="no",'Study Parameters'!C19>25),(25*'Budget Parameters'!C36+('Study Parameters'!C19-25)*'Budget Parameters'!C37),'Study Parameters'!C19*'Budget Parameters'!C38))) -> 0.03 | E57: PM | F57: =VLOOKUP(E57,'Budget Parameters'!$A$7:$B$18,2,FALSE)*1605.2/12*'Study Parameters'!D30 -> 0 | G57: =F57*'Budget Parameters'!$C$25 -> 0 | H57: =G57*D57 -> 0 | I57: =H57+(H57*'Budget Parameters'!$C$22) -> 0 | J57: =I57+(I57*'Budget Parameters'!$C$23) -> 0
A58: 9c | B58: VAT on line 9b | E58: % | F58: ='Budget Parameters'!C24 -> 0.21 | G58: ='Budget Parameters'!C24 -> 0.21 | J58: =J57*G58 -> 0 | K58: only include if VAT is not deductible for your institution - otherwise delete this line
A59: 9d | B59: Liaison KCE and Project Status Reports | C59: hours | D59: ='Study Parameters'!D30 -> 0 | E59: FX | F59: 260 | G59: =F59*'Budget Parameters'!$C$25 -> 281.424 | H59: =G59*D59 -> 0 | I59: =H59+(H59*'Budget Parameters'!$C$22) -> 0 | J59: =I59+(I59*'Budget Parameters'!$C$23) -> 0 | K59: monthly calls
A60: 9e | B60: Investigator Meeting(s), initial meeting includes time from PM, CI, STAT, CRA, CTA, other | C60: mtg | D60: =IF('Study Parameters'!C41=1,0,1) -> 1 | E60: FX | F60: =IF('Study Parameters'!C41=1,0,3640) -> 3640 | G60: =F60*'Budget Parameters'!$C$25 -> 3939.936 | H60: =G60*D60 -> 3939.936 | I60: =H60 -> 3939.936 | J60: =I60+(I60*'Budget Parameters'!$C$23) -> 4609.7251 | K60: for initial meeting
A61: 9f | B61: Investigator Meeting(s), subsequent meeting(s) | C61: mtg | D61: 0 | E61: FX | F61: 2080 | G61: =F61*'Budget Parameters'!$C$25 -> 2251.392 | H61: =G61*D61 -> 0 | I61: =H61 -> 0 | J61: =I61+(I61*'Budget Parameters'!$C$23) -> 0 | K61: for subsequent meeting if relevant - detail number of meetings and rationale
A62: 9g | B62: Investigator Meeting(s), results | C62: mtg | D62: =IF('Study Parameters'!C41=1,0,1) -> 1 | E62: FX | F62: =IF('Study Parameters'!C41=1,0,3640) -> 3640 | G62: =F62*'Budget Parameters'!$C$25 -> 3939.936 | H62: =G62*D62 -> 3939.936 | I62: =H62 -> 3939.936 | J62: =I62+(I62*'Budget Parameters'!$C$23) -> 4609.7251
A63: 9h | B63: Trial Steering Committee meeting(s), includes time from PM, CI, STAT, EXT | D63: =1+(2*'Study Parameters'!D32) -> 1 | E63: FX | F63: 1664 | G63: =F63*'Budget Parameters'!$C$25 -> 1801.1136 | H63: =G63*D63 -> 1801.1136 | I63: =H63 -> 1801.1136 | J63: =I63+(I63*'Budget Parameters'!$C$23) -> 2107.3029 | K63: 3/yr the first year, 2/yr consecutive yrs
A64: 9i | B64: Study Team Meeting/Trial Management Group Meeting, included time from PM, CRA, CTA, CI | D64: ='Study Parameters'!D33*2 -> 0 | E64: FX | F64: 520 | G64: =F64*'Budget Parameters'!$C$25 -> 562.848 | H64: =G64*D64 -> 0 | I64: =H64 -> 0 | J64: =I64+(I64*'Budget Parameters'!$C$23) -> 0 | K64: 2-weekly meetings with team during recruitment period
A65: 9j | B65: Study Team Meeting/Trial Management Group Meeting, included time from PM, CRA, CTA, CI | D65: ='Study Parameters'!D30-'Study Parameters'!D33 -> 0 | E65: FX | F65: 520 | G65: =F65*'Budget Parameters'!$C$25 -> 562.848 | H65: =G65*D65 -> 0 | I65: =H65 -> 0 | J65: =I65+(I65*'Budget Parameters'!$C$23) -> 0 | K65: monthly meetings with team during FU period
A66: SUM | H66: =SUM(H56:H65) -> 9680.9856 | I66: =SUM(I56:I65) -> 9680.9856 | J66: =SUM(J56:J65) -> 11326.753
A67: 10 | B67: Patient and Public Involvement
A68: 10a | B68: Patient involvement in study project design and set-up | C68: mtg | D68: 1 | E68: FX | F68: 2080 | G68: =F68*'Budget Parameters'!$C$25 -> 2251.392 | H68: =G68*D68 -> 2251.392 | I68: =H68 -> 2251.392 | J68: =I68+(I68*'Budget Parameters'!$C$23) -> 2634.1286
A69: 10b | B69: Patient involvement in Trial Steering Committee Meetings | C69: mtg | D69: =D63*2 -> 2 | E69: FX | F69: 208 | G69: =F69*'Budget Parameters'!$C$25 -> 225.1392 | H69: =G69*D69 -> 450.2784 | I69: =H69 -> 450.2784 | J69: =I69+(I69*'Budget Parameters'!$C$23) -> 526.82573 | K69: 2 patients to attend each TSC
A70: 10c | B70: Other activities for patient involvment (if applicable) | C70: oth
H71: =SUM(H68:H70) -> 2701.6704 | I71: =SUM(I68:I70) -> 2701.6704 | J71: =SUM(J68:J70) -> 3160.9544
A72: 11 | B72: IMP/Intervention Handling
A73: 11a | B73: IMP or intervention Accountability | C73: hours | E73: Pharm | F73: =VLOOKUP(E73,'Budget Parameters'!$A$7:$B$18,2,FALSE) -> 62.4 | G73: =F73*'Budget Parameters'!$C$25 -> 67.54176 | H73: =D73*G73 -> 0 | I73: =H73+(H73*'Budget Parameters'!$C$22) -> 0 | J73: =I73+(I73*'Budget Parameters'!$C$23) -> 0
A74: 11b | B74: Sourcing of IMP/comparator/placebo/device (incl import license if appl) | C74: units | E74: EXT | H74: =D74*G74 -> 0 | I74: =H74 -> 0 | J74: =I74 -> 0
A75: 11c | B75: Storage & distribution | C75: hours | E75: EXT | H75: =D75*G75 -> 0 | I75: =H75 -> 0 | J75: =H75 -> 0
A76: 11d | B76: Packaging, blinding, labelling | C76: hours | E76: EXT | H76: =D76*G76 -> 0 | I76: =H76 -> 0 | J76: =H76 -> 0
A77: 11e | B77: IMP destruction & recovery unused products | C77: hours | E77: EXT | H77: =D77*G77 -> 0 | I77: =H77 -> 0 | J77: =H77 -> 0
A78: 11f | B78: VAT on IMP/Intervention if applicable | E78: % | F78: ='Budget Parameters'!C24 -> 0.21 | G78: ='Budget Parameters'!C24 -> 0.21 | J78: =SUM(J73:J77)*G78 -> 0 | K78: only include if VAT is not deductible for your institution - otherwise delete this line
A79: SUM | H79: =SUM(H73:H78) -> 0 | I79: =SUM(I73:I78) -> 0 | J79: =SUM(J73:J78) -> 0
A80: 12 | B80: Site Costs
A81: 12a | B81: site costs as detailed in the tab site costs | C81: once | E81: TAB | F81: ='Site Costs'!B28 -> 0 | G81: ='Site Costs'!B28 -> 0 | H81: =G81 -> 0 | I81: =G81 -> 0 | J81: =G81 -> 0 | K81: amount is copied form tab sites costs containing detailed info on the calculation
A82: 12b | B82: VAT on site costs | E82: % | F82: ='Budget Parameters'!C24 -> 0.21 | G82: ='Budget Parameters'!C24 -> 0.21 | J82: =SUM(J81:J81)*G82 -> 0 | K82: only include if VAT is not deductible for your institution - otherwise delete this line
A83: SUM | H83: =SUM(H81:H82) -> 0 | I83: =SUM(I81:I82) -> 0 | J83: =SUM(J81:J82) -> 0
A84: 13 | B84: External vendors/contractors/central review/other
A85: 13a | B85: Study specific equipment | C85: unit | H85: =G85 -> 0 | I85: =H85 -> 0 | J85: =H85 -> 0
A86: 13b | B86: External vendor | C86: hours/unit | H86: =G86 -> 0 | I86: =H86 -> 0 | J86: =H86 -> 0
A87: 13c | B87: Central Review | C87: unit | H87: =G87 -> 0 | I87: =H87 -> 0 | J87: =H87 -> 0
A88: 13d | B88: Vouchers (between 15€ and 25€ depending on travel and time expenses) | C88: unit | H88: =D88*G88 -> 0 | I88: =H88 -> 0 | J88: =I88 -> 0
A89: 13e | B89: Cost related to purchasing and uploading of vouchers | C89: unit
A90: 13f | B90: VAT on external services | E90: % | F90: ='Budget Parameters'!C24 -> 0.21 | G90: ='Budget Parameters'!C24 -> 0.21 | J90: =SUM(J85:J87)*G90 -> 0 | K90: only include if VAT is not deductible for your institution - otherwise delete this line
A91: SUM | H91: =SUM(H85:H90) -> 0 | I91: =SUM(I85:I90) -> 0 | J91: =SUM(J85:J90) -> 0
A93: Overall Cost total | H93: =SUM(H91,H79,H66,H47,H39,H36,H27,H24,H16,H9,H54,H83,H71) -> 190311.9 | I93: =SUM(I91,I79,I66,I47,I39,I36,I27,I24,I16,I9,I54,I83,I71) -> 190492.01 | J93: =SUM(J91,J79,J66,J47,J39,J36,J27,J24,J16,J9,J54,J83,J71) -> 222875.65
B94: Sponsor Costs for milestones | J94: =J93-J91-J83-J79-J53-J46-J27 -> 207678.75
B95: Based on activity or service performed | J95: =J91+J79+J53+J46+J27 -> 15196.896
B96: Site Costs | J96: =J83 -> 0

Sheet Site Costs
A1: KCE Trial | C1: KCE number | H1: DD/MM/YYYY
A3: Per Patient Cost
A4: Procedure | B4: Budget hourly fee - FX | C4: Screening/Randomisation | D4: Treatment Phase | G4: Study Treat discontinuation/ Early Termination Visit | H4: FU Phase | J4: Info in this tab is a demo. Please adapt according to your protocol!
D5: V1 | E5: V2 | F5: V…
A6: Study specific time (not Standard of Care)
A7: Informed consent | B7: ='Budget Parameters'!C9*0.5 -> 56.2848 | C7: =30/60*'Budget Parameters'!C17 -> 56.2848
A8: IMP or placebo dispensing if applicable | B8: ='Budget Parameters'!F50 -> 17.3184
A9: Physician time | B9: ='Budget Parameters'!C17 -> 112.5696 | C9: =30/60*'Budget Parameters'!C17 -> 56.2848 | D9: =15/60*'Budget Parameters'!$C$17 -> 28.1424 | E9: =15/60*'Budget Parameters'!$C$17 -> 28.1424 | F9: =15/60*'Budget Parameters'!$C$17 -> 28.1424 | G9: =15/60*'Budget Parameters'!$C$17 -> 28.1424 | H9: =15/60*'Budget Parameters'!$C$17 -> 28.1424
A10: Study Coordinator time (data entry) | B10: ='Budget Parameters'!C15 -> 50.19 | C10: =2.5*B10 -> 125.475 | D10: =2*'Budget Parameters'!$C$15 -> 100.38 | E10: =2*'Budget Parameters'!$C$15 -> 100.38 | F10: =2*'Budget Parameters'!$C$15 -> 100.38 | G10: =2*'Budget Parameters'!$C$15 -> 100.38 | H10: =2*'Budget Parameters'!$C$15 -> 100.38
A12: Add lines for other costs if applicable
A13: Total | C13: =SUM(C7:C11) -> 238.0446 | D13: =SUM(D7:D11) -> 128.5224 | E13: =SUM(E7:E11) -> 128.5224 | F13: =SUM(F7:F11) -> 128.5224 | G13: =SUM(G7:G11) -> 128.5224 | H13: =SUM(H7:H11) -> 128.5224
A14: Margin | C14: ='Budget Parameters'!$C$22*'Site Costs'!C13 -> 23.80446 | D14: ='Budget Parameters'!$C$22*'Site Costs'!D13 -> 12.85224 | E14: ='Budget Parameters'!$C$22*'Site Costs'!E13 -> 12.85224 | F14: ='Budget Parameters'!$C$22*'Site Costs'!F13 -> 12.85224 | G14: ='Budget Parameters'!$C$22*'Site Costs'!G13 -> 12.85224 | H14: ='Budget Parameters'!$C$22*'Site Costs'!H13 -> 12.85224
A15: Margin | C15: =SUM(C13:C14) -> 261.84906 | D15: =SUM(D13:D14) -> 141.37464 | E15: =SUM(E13:E14) -> 141.37464 | F15: =SUM(F13:F14) -> 141.37464 | G15: =SUM(G13:G14) -> 141.37464 | H15: =SUM(H13:H14) -> 141.37464
A16: Cost per completed participant | B16: =C15+D15+E15+F15+H15 -> 827.34762
A17: Overhead Hospital | B17: 0.17
A18: Total cost per participant | B18: =B16*(1+B17) -> 967.99672
A19: Total cost for all participants | B19: ='Study Parameters'!C14*B18 -> 0
A20: General Site Costs
A21: Number of sites | B21: ='Study Parameters'!C19 -> 0
A22: start-up fee | B22: ='Budget Parameters'!C28 -> 1125.696
A23: Archiving | B23: ='Budget Parameters'!C29 -> 281.424
A25: Total general site costs/site | B25: =SUM(B22:B23)*B17+SUM(B22:B23) -> 1646.3304
A26: For all sites | B26: =B25*B21 -> 0
A28: Total cost (participants and general) | B28: =B26+B19 -> 0

Sheet info versions
A1: 3.1 version with correction for total (was without PPI amount) - added margin on data mgt (no FX but hr) - removed margin on all FX amounts (mtgs and site payment calculation) - added overhead on archiving - corrected for totals of remote feasibility
A2: version will be changed back to version 3.0 for publication on website
A4: 3.2 version - to add fee for transportation for monitoring visits (margin already included, OH does not apply) - deleted the amount for the set up of a safety database - adapted the formula for the database set-up (formula in line 7a was duplicated in line 7b) - reduced the frequency for TSC in formula (3 first year + 2 consecutive years) - reduced the amount for a TSC to 2000€ - adapted the meeting frequency of the TMG to 2-weekly during recruitment and monthly during FU - deleted catering from external costs
A5: 3.3 version - corrected the formula regarding the transportation fee (# monitoring visits + 2) * # sites - corrected the totals for data management - corrected the number of non-leading sites with -1
A6: 3.4 version - included a calculation for project management, pharmacy costs and lab costs in the tab budget parameters - corrected the totals for monitoring - included site cost demo - replaced SAE by SUSAR
A7: 3.5 version - merged the rows of DSMB - minor adjustments in text - reduced fee for communication with authorities - increased fee for SUSAR reporting - deleted amout for reconciliation of SAEs - included feed for automatic calculation PM time in tab overall costs - deleted EDGE fee as separate line in tool - reduced fee for reporting to autorities to 1000 € per year - reduced fee for randomisation to max 1500 € if not managed by eCRF - increased fee for PPI at study start
A8: version 4.0 created for publication on the website (call 2019)
A9: 4.1 version - modified formula for project management (extra line for GP involvement)
A10: 4.2 version - VAT lines added for section 11, 12 and 13
A11: 5.0 - final version for 2020 call - added line 2f for reporting to EudraCT of study results (line subject insurance becomes 2g) - cost for payment calcumation reduced to 100€ per payment round - line added to account for costs for support from co-chief investigator from other language group in Project Management
A13: 6.0 (final version call 2021)
A14: index: https://www.loonindex.be/data
... A43: protected worksheet budget parameters
